 Dungeon Crawl Stone Soup version 0.27-a0-1529-g1e82c303ef (webtiles) character file.

Game seed: 2917685278752279865

18903 Morbidden the Carver (level 12, 0/92 HPs)
             Began as a Demonspawn Fighter on July 11, 2021.
             Was a High Priest of Cheibriados.
             Shot with a bolt by a yaktaur captain (38 damage)
             ... on level 13 of the Dungeon.
             The game lasted 00:17:06 (14554 turns).

Morbidden the Carver (Demonspawn Fighter)          Turns: 14554, Time: 00:17:07

Health: 0/92       AC: 22    Str: 29    XL:     12   Next: 31%
Magic:  20/20      EV: 11    Int: 25    God:    Cheibriados [*****.]
Gold:   826        SH: 13    Dex: 23    Spells: 18/22 levels left

rFire    . . .     SeeInvis .   a - +0 scimitar
rCold    . . .     Faith    .   c - +0 kite shield
rNeg     + . .     Spirit   .   K - +2 chain mail {rN+}
rPois    .         Reflect  .   m - +0 helmet
rElec    .         Harm     .   (no cloak)
rCorr    .         Rampage  .   f - +0 pair of gloves
Will     .....                  (no boots)
Stlth    ..........             M - amulet of regeneration
HPRegen  1.25/turn              V - +4 ring of protection
MPRegen  0.17/turn              F - +4 ring of protection

@: mighty, studying Long Blades, very slow
A: claws 1, powered by pain 2, spiny 3
a: Renounce Religion, Bend Time, Temporal Distortion, Slouch, Step From Time


You were on level 13 of the Dungeon.
You worshipped Cheibriados.
Cheibriados was extremely pleased with you.
You visited 2 branches of the dungeon, and saw 14 of its levels.
You also visited: Sewer.

You collected 875 gold pieces.
You spent 49 gold pieces at shops.

Inventory:

Hand Weapons
 a - a +0 scimitar (weapon)
 G - a +4 dagger
Missiles
 n - 50 poisoned darts (quivered)
 A - 12 javelins
 J - 3 throwing nets
 T - 7 atropa-tipped darts
 W - a curare-tipped dart
Armour
 c - a +0 kite shield (worn)
 f - a +0 pair of gloves (worn)
 k - the +1 scale mail "Vuroq" {rPois}
   (You found it on level 4 of the Dungeon)

   rPois:     It protects you from poison.
 m - a +0 helmet (worn)
 K - a +2 chain mail of positive energy (worn)
Jewellery
 j - a +6 ring of strength
 z - a ring of wizardry
 F - a +4 ring of protection (right hand)
 M - an amulet of regeneration (around neck)
 Q - a ring of fire
 U - an amulet of guardian spirit
 V - a +4 ring of protection (left hand)
 X - a ring of willpower
Wands
 g - a wand of acid (3)
 B - a wand of charming (8)
 E - a wand of iceblast (14)
 H - a wand of flame (39)
 P - a wand of polymorph (3)
 R - a wand of paralysis (5)
Scrolls
 b - 5 scrolls of enchant armour {unknown}
 h - 4 scrolls of noise
 i - 2 scrolls of teleportation
 l - 10 scrolls of identify
 p - 4 scrolls of blinking {unknown}
 q - 2 scrolls of fear {unknown}
 v - a scroll of magic mapping
 w - 2 scrolls of fog
 x - a scroll of summoning {unknown}
 y - 2 scrolls of amnesia
 D - 2 scrolls of enchant weapon {unknown}
 O - a scroll of holy word {unknown}
 S - a scroll of immolation
Potions
 d - a potion of might
 e - a potion of magic {unknown}
 o - 4 potions of haste
 r - a potion of flight
 s - 2 potions of curing
 t - 2 potions of resistance {unknown}
 u - 2 potions of heal wounds
 C - a potion of berserk rage {unknown}
 I - 3 potions of attraction {unknown}
 L - 2 potions of cancellation {unknown}
 N - 2 potions of lignification {unknown}


   Skills:
 * Level 8.1 Fighting
 + Level 0.2(7.0) Short Blades
 * Level 11.1 Long Blades
 + Level 1.3 Throwing
 + Level 6.1 Armour
 * Level 5.5 Dodging
 + Level 2.0 Stealth
 * Level 8.2 Shields
 * Level 5.6 Spellcasting
 * Level 4.3 Air Magic
 * Level 7.7 Invocations


You had 18 spell levels left.
You knew the following spells:

 Your Spells              Type           Power      Damage    Failure   Level
a - Airstrike             Air            14%        N/A       83%         4

Your spell library contained the following spells:

 Spells                   Type           Power      Damage    Failure   Level
 Shock                    Conj/Air       68%        1d7       36%         1
 Swiftness                Air            28%        N/A       41%         3
 Poisonous Vapours        Pois/Air       34%        N/A       50%         2
 Sting                    Tmut/Pois      28%        1d4       67%         1
 Sublimation of Blood     Necr           3%         N/A       80%         2
 Dazzling Flash           Conj/Hex       14%        N/A       95%         3
 Summon Guardian Golem    Hex/Summ       7%         N/A       95%         3
 Iskenderun's Mystic Bla  Conj/Tloc      7%         2d4       100%        4
 Olgreb's Toxic Radiance  Pois           7%         N/A       100%        4
 Petrify                  Tmut/Erth      7%         N/A       100%        4
 Irradiate                Conj/Tmut      3%         3d15      100%        5
 Starburst                Conj/Fire      3%         8x6d3     100%        6
 Orb of Destruction       Conj           3%         9d1       100%        7
 Spellforged Servitor     Conj/Summ      3%         N/A       100%        7


Dungeon Overview and Level Annotations

Branches:
Dungeon (13/15)            Temple (1/1) D:5            Lair (0/6) D:10
    Orc (0/2) D:12         Vaults (0/5) D:13          Sewer (visited)

Altars:
Ashenzari
Cheibriados
Dithmenos
Elyvilon
Fedhas
Gozag
Hepliaklqana
Kikubaaqudgha
Makhleb
Nemelex Xobeh
Okawaru
Qazlal
Ru
Sif Muna
Trog
Uskayaw
Vehumet
Wu Jian
Xom
Yredelemnul
Zin
The Shining One

Shops:
D:5 *   D:6 *   D:7 ?

Annotations:
D:6 exclusion: oklob plant


Innate Abilities, Weirdness & Mutations

You have sharp fingernails.
You sometimes gain power by taking damage.
You are completely covered in sharp spines.


Message History

Items here: ))))))))) [[.
Items here: ))) [[[.
You see here a +0 halberd.
There is a staircase to the Orcish Mines here.
You see here a +0 halberd.
Items here: ))) [[[.
There is an open door, spattered with blood here.
Items here: ))))))))) [[.
There is a stone staircase leading down here.
You climb downwards.
You hear the roar of battle.
There is an entrance to a bailey on this level.
Hurry and find it before the portal closes forever!
A yaktaur comes into view.
The yaktaur shouts!
Found a scroll labelled NIL NESECZAONT.
There is a stone staircase leading up here.
Unknown command.
As you read the scroll of magic mapping, it crumbles to dust.
You feel aware of your surroundings.
You sensed 2 shops/portals.
The yaktaur wields a +0 arbalest.
The yaktaur shoots a bolt.
You block the bolt.
Hit: a) +0 scimitar
Press: ? - help, Dir - move target, f - you
Okay, then.
Unknown command.
A yaktaur and a yaktaur captain come into view.
The yaktaur captain shouts!
The yaktaur shouts!
The yaktaur captain wields a +0 arbalest.
The yaktaur captain shoots a bolt.
The bolt hits you!!!
Found a gate to the Vaults.
A manticore and a vampire mosquito come into view.
The vampire mosquito buzzes angrily.
The yaktaur wields a +0 arbalest.
The yaktaur shoots a bolt.
You block the bolt.
The yaktaur captain shoots a bolt.
The bolt hits you!!
You focus on the pain.
You feel very mighty all of a sudden.
The yaktaur shoots a bolt.
You block the bolt.
A vampire mosquito comes into view.
The yaktaur captain shoots a bolt.
The bolt hits you!!!
You die...

,,,,* *,,,,,,,,,*****,,,,,,,*****
,**,* *,,,,,,,..*.......,,,,,,,,,
***,***,,,,,,,,.*.c.....,,,,,****
* *,,,,,,,,,,,,y#....c.#,*,,** *
*****,,,,,,,,.......∩*,,,,* *
******,**#y...c###,*,** *
*,**#........,,,* **
*,,,#.....#.#,*,* ,*
****#######+#@.......,,,* ,*
*,,,.......<..####..#**** ,*
*,,,...............#* ,*
*,,,..........######
,***,,,..........#
,*,+,,,..........#
,*,*,,,..........#
,+,*,,,.......?..#
,***,,,..........#


You could see a yaktaur captain, 2 yaktaurs and 2 vampire mosquitoes.

Vanquished Creatures
  Harold (D:8)
  A boulder beetle (D:11)
  An ogre mage (D:11)
  A hydra (D:12)
  4 two-headed ogres
  3 cyclopes (D:11)
  2 ugly things (D:11)
  2 manticores
  Joseph (D:9)
  An unseen horror (D:12)
  3 meliai (D:10)
  5 trolls
  2 hornets
  6 yaks (D:12)
  2 shadows
  4 wyverns
  Sigmund (D:5)
  A vampire (D:10)
  4 wraiths
  A steam dragon (D:8)
  3 vampire mosquitoes (D:12)
  2 acid dragons (D:11)
  3 water moccasins
  8 orc warriors
  A black bear (D:7)
  2 ice beasts
  A sky beast (D:5)
  3 ogres (D:12)
  8 centaurs
  3 kobold brigands
  A bullfrog (D:7)
  5 gnoll sergeants (D:12)
  3 scorpions
  A water moccasin skeleton (D:5)
  4 wights (D:8)
  3 howler monkeys
  A bullfrog zombie (D:6)
  3 centaur zombies
  7 crimson imps (D:7)
  4 hounds
  2 orc priests
  5 jellies
  An iguana (D:4)
  5 orc wizards
  A killer bee zombie (D:5)
  A hound zombie (D:5)
  A hound skeleton (D:5)
  A howler monkey zombie (D:9)
  11 gnolls
  2 river rats (D:4)
  5 adders
  2 shadow imps
  A white imp (D:7)
  An ufetubus (D:3)
  An adder zombie (D:5)
  3 worms (Sewer)
  2 dart slugs
  28 orcs
  29 endoplasms
  2 giant cockroaches (D:1)
  35 goblins
  28 hobgoblins
  8 jackals
  5 quokkas
  15 ball pythons
  13 bats
  4 frilled lizards
  13 kobolds
  9 rats
346 creatures vanquished.

Vanquished Creatures (others)
  3 fungi (D:6)
3 creatures vanquished.

Grand Total: 349 creatures vanquished

Notes
Turn   | Place    | Note
-------+----------+-------------------------------------------
     0 | D:1      | Morbidden the Demonspawn Fighter began the quest for the
                  | Orb.
     0 | D:1      | Reached XP level 1. HP: 18/18 MP: 1/1
   146 | D:1      | Gained mutation: You are partially covered in sharp spines.
                  | [demonic ancestry]
   146 | D:1      | Reached XP level 2. HP: 13/24 MP: 2/2
   426 | D:1      | Reached skill level 2 in Long Blades
   845 | D:1      | Gained mutation: You sometimes gain a little power by
                  | taking damage. [demonic ancestry]
   845 | D:1      | Reached XP level 3. HP: 28/29 MP: 3/3
  1032 | D:1      | Found a faded altar of an unknown god.
  1032 | D:1      | Noticed a neqoxec
  1966 | D:3      | Gained mutation: You are mostly covered in sharp spines.
                  | [demonic ancestry]
  1966 | D:3      | Reached XP level 4. HP: 35/37 MP: 4/4
  2415 | D:3      | You fall into a shaft and drop 1 floor!
  2511 | D:4      | Identified the +1 scale mail "Vuroq" {rPois}
  2686 | D:4      | Found a glowing drain.
  2688 | D:4      | Reached skill level 3 in Long Blades
  2696 | D:4      | Reached skill level 1 in Dodging
  2696 | D:4      | Gained mutation: You sometimes gain power by taking damage.
                  | [demonic ancestry]
  2696 | D:4      | Reached XP level 5. HP: 40/42 MP: 5/5
  2704 | Sewer    | Entered a sewer
  3789 | D:5      | Entered Level 5 of the Dungeon
  3855 | D:5      | Noticed Sigmund
  3863 | D:5      | Killed Sigmund
  3864 | D:5      | Reached skill level 4 in Long Blades
  3864 | D:5      | Reached skill level 1 in Spellcasting
  3864 | D:5      | Reached XP level 6. HP: 33/48 MP: 5/7
  3961 | D:5      | Noticed a wyvern
  3967 | D:5      | Killed a wyvern
  3968 | D:5      | Gained mutation: You are completely covered in sharp
                  | spines. [demonic ancestry]
  3968 | D:5      | Reached XP level 7. HP: 32/54 MP: 7/9
  4303 | D:5      | Reached skill level 5 in Long Blades
  4576 | D:5      | Found Jeniurph's General Store.
  4677 | D:5      | Found a staircase to the Ecumenical Temple.
  4812 | Temple   | Entered the Ecumenical Temple
  4918 | Temple   | Became a worshipper of Cheibriados the Contemplative
  5650 | D:3      | Reached * piety under Cheibriados
  5655 | D:3      | Reached skill level 1 in Stealth
  5655 | D:3      | Reached XP level 8. HP: 46/61 MP: 11/11
  5823 | D:3      | Reached skill level 1 in Invocations
  5825 | D:3      | Reached ** piety under Cheibriados
  6609 | D:6      | Found Ceako's General Store.
  6615 | D:6      | Bought a scroll of magic mapping for 49 gold pieces
  6924 | D:6      | Noticed an oklob plant
  6959 | D:6      | Reached *** piety under Cheibriados
  7256 | D:6      | Reached skill level 6 in Long Blades
  7469 | D:7      | Reached skill level 5 in Fighting
  7524 | D:7      | Found Ysizog Sekua's Magic Scroll Shoppe.
  7683 | D:7      | Learned a level 4 spell: Airstrike
  7730 | D:7      | Reached XP level 9. HP: 63/68 MP: 13/13
  8073 | D:7      | Reached skill level 1 in Air Magic
  8078 | D:7      | Reached skill level 7 in Long Blades
  8374 | D:8      | Reached **** piety under Cheibriados
  8695 | D:8      | Noticed a manticore
  8704 | D:8      | Killed a manticore
  8705 | D:8      | Reached skill level 5 in Shields
  8995 | D:8      | Noticed Harold
  9008 | D:8      | Killed Harold
  9009 | D:8      | Reached skill level 5 in Armour
  9009 | D:8      | Gained mutation: You have sharp fingernails. [demonic
                  | ancestry]
  9009 | D:8      | Reached XP level 10. HP: 48/76 MP: 15/15
  9816 | D:9      | Reached skill level 5 in Invocations
 10133 | D:9      | Noticed Joseph
 10140 | D:9      | Killed Joseph
 10141 | D:9      | Reached skill level 8 in Long Blades
 10500 | D:9      | Identified the +4 whip of Becuqeaf {vamp, *Corrode rN++
                  | MP+9}
 10809 | D:10     | Entered Level 10 of the Dungeon
 11490 | D:10     | Found a staircase to the Lair.
 12415 | D:11     | Noticed a two-headed ogre
 12422 | D:11     | Killed a two-headed ogre
 12423 | D:11     | Reached XP level 11. HP: 72/83 MP: 17/17
 12474 | D:11     | Noticed a two-headed ogre
 12482 | D:11     | Killed a two-headed ogre
 12638 | D:11     | Identified a scroll of acquirement
 12638 | D:11     | Acquired a manual of Long Blades
 12655 | D:11     | Noticed a cyan ugly thing
 12656 | D:11     | Noticed a red ugly thing
 12660 | D:11     | Noticed a two-headed ogre
 12664 | D:11     | Killed a cyan ugly thing
 12664 | D:11     | Killed a red ugly thing
 12665 | D:11     | Reached skill level 9 in Long Blades
 12667 | D:11     | Killed a two-headed ogre
 12680 | D:11     | Reached skill level 5 in Dodging
 12914 | D:11     | Noticed a boulder beetle
 12925 | D:11     | Reached skill level 5 in Spellcasting
 12941 | D:11     | Reached skill level 10 in Long Blades
 12946 | D:11     | Killed a boulder beetle
 12947 | D:11     | Identified the +6 broad axe of Unlank Nioma {drain, rC+ rN+
                  | Str+2}
 12976 | D:11     | Noticed an ogre mage
 12985 | D:11     | Killed an ogre mage
 12986 | D:11     | Reached skill level 1 in Throwing
 13389 | D:12     | Reached XP level 12. HP: 72/92 MP: 19/19
 13567 | D:12     | Noticed a two-headed ogre
 13570 | D:12     | Killed a two-headed ogre
 13614 | D:12     | Found a staircase to the Orcish Mines.
 13722 | D:12     | Noticed a four-headed hydra
 13731 | D:12     | Killed a four-headed hydra
 13731 | D:12     | Reached ***** piety under Cheibriados
 13732 | D:12     | Reached skill level 11 in Long Blades
 14553 | D:13     | Found a gate to the Vaults.
 14553 | D:13     | Noticed a yaktaur captain
 14554 | D:13     | Shot with a bolt by a yaktaur captain

Illustrated notes

Levels and vault maps discovered:
D:1:      ncdulo_lavacross, layout_loops_cross,
          dreamdust_ecumenical_altar_sealed_demon
D:2:      layout_loops_ring
D:3:      minmay_goblin_kobold_castle, layout_rooms
D:4:      layout_basic, portal_sewer_entry_b, minmay_fountain_box
D:5:      layout_loops_ring, temple_statues, serial_shops, kennysheep_mini_moat,
          nrook_mini_vaults, hangedman_abyss_or_decor_stabs, uniq_sigmund
D:6:      lemuel_slime, layout_basic, serial_shops, nicolae_shop_crystal
D:7:      layout_cave_pools, serial_shops, nicolae_lakefront_shop,
          minmay_nine_imps
D:8:      layout_basic, uniq_harold
D:9:      layout_loops_ring, kennysheep_little_box, st_stairs_12, uniq_joseph
D:10:     layout_loops_ring, lair_entry_dummy, minivault_23
D:11:     nzn_winding_woodlands_three_and_one [nzn_winding_woodlands_5x15_eye,
          nzn_winding_woodlands_5x15_parted,
          nzn_winding_woodlands_5x15_river_crossing,
          nzn_winding_woodlands_center_lodge], layout_long_grid
D:12:     layout_layer_cave, kennysheep_orc_monster_closet_entryway
D:13:     layout_roguey [special_room_bee], david_vaults_2, enter_bailey_2,
          hangedman_ranch
Temple:   kilobyte_greek_temple

Skill      XL: |  1  2  3  4  5  6  7  8  9 10 11 12 |
---------------+-------------------------------------+-----
Long Blades    | 2 3 4 5 6 7 8 10 11 | 11.1
Armour         | 3 4 5 6 |  6.1
Shields        | 3 4 5 6 7 8 |  8.2
Dodging        | 1 2 3 4 5 |  5.5
Fighting       | 4 5 6 7 8 |  8.1
Spellcasting   | 1 2 3 4 5 |  5.6
Stealth        | 1 2 |  2.0
Invocations    | 3 4 6 7 |  7.7
Air Magic      | 2 3 4 |  4.3
Throwing       | 1 |  1.3
Short Blades   | |  0.2

Action                   |  1- 3 |  4- 6 |  7- 9 | 10-12 || total
-------------------------+-------+-------+-------+-------++-------
Melee: Long sword        |    91 |   110 |   245 |       ||   446
       Scimitar          |       |       |    28 |   286 ||   314
       Dagger            |       |       |       |     6 ||     6
Throw: Dart              |       |       |     2 |    15 ||    17
       Javelin           |       |       |     1 |       ||     1
Invok: Slouch            |       |       |       |     4 ||     4
Evoke: Wand              |       |       |     2 |       ||     2
  Use: Scroll            |       |     8 |       |     4 ||    12
       Potion            |       |     2 |     2 |     2 ||     6
 Stab: Invisible         |       |       |     2 |     1 ||     3
Armor: Scale mail        |    35 |    57 |   105 |       ||   197
       Chain mail        |       |       |       |   188 ||   188
Dodge: Dodged            |    28 |    35 |    83 |   151 ||   297
Block: Kite shield       |    56 |    72 |   199 |   314 ||   641
       Rpst.: Long sword |    11 |    14 |    10 |       ||    35
       Scimitar          |       |       |     1 |    30 ||    31

Table legend: (Time is in decaauts)
 A = Elapsed time spent in this place.
 B = Non-inter-level travel time spent in this place.
 C = Inter-level travel time spent in this place.
 D = Time resting spent in this place.
 E = Time spent auto-exploring this place.
 F = Levels seen in this place.
 G = Mean time per level.
                   A        B        C        D        E       F      G
               +--------+--------+--------+--------+--------+-----+--------+
         Total |  18339 |  17656 |    683 |    911 |  14175 |  15 | 1222.6 |
       Dungeon |  17564 |  16925 |    639 |    911 |  13656 |  13 | 1351.1 |
        Temple |    152 |    108 |     44 |      0 |    100 |   1 |  152.0 |
         Sewer |    623 |    623 |      0 |      0 |    419 |   1 |  623.0 |
               +--------+--------+--------+--------+--------+-----+--------+

Top non-repeatable levels by time:
    D:12: 1976 daAuts
     D:3: 1833 daAuts
    D:10: 1815 daAuts
     D:8: 1776 daAuts
    D:11: 1693 daAuts
     D:6: 1534 daAuts
     D:9: 1508 daAuts
     D:5: 1395 daAuts
     D:7: 1176 daAuts
     D:1: 1157 daAuts
     D:4: 972 daAuts
     D:2: 719 daAuts
   Sewer: 623 daAuts
  Temple: 152 daAuts
    D:13: 3 daAuts
